[Event "Junior Speed Chess Championship 2023"]
[Site "Chess.com"]
[Date "2023.06.13"]
[Round "1"]
[White "Pranav, Vijay"]
[Black "Yoo, Christopher Woojin"]
[Result "1-0"]
[WhiteElo "2608"]
[BlackElo "2606"]
[ECO "C18"]
[EventDate "2023.??.??"]
[Annotator "rafael"]
[PlyCount "77"]
[Beauty "7767716794918"]
[EventType "game"]
[TimeControl "180+1"]

1.e4 e6 {I have the feeling that the French is the chess defense with the most loyal fan-base.} 2.d4 d5 3.Nc3 Bb4 4.e5 c5 5.a3 Ba5 {I remember that this move was popular among Armenian chess players when I was in my twenties, but since then, it has lost some of its charm.} 6.b4 $1 cxd4 7.Nb5 ( 7.Qg4 {is the more aggressive option. It was played in the famous Fischer-Tal game in the 1960 Olympiad.} ) 7...Bc7 8.f4 Bd7 {There is strategic tension between the bishops and the b5-knight in this position. White can capture the bishop on c7 or leave the knight to be captured by the other bishop.} 9.Nf3 ( 9.Nxc7+ Qxc7 10.Nf3 {is another option. Anand played it, so it's probably the best. There's no need to get fancy in the opening. Just follow what the geniuses have played.} ) 9...Ne7 {It's better for Black to capture the knight straight away:} ( 9...Bxb5 10.Bxb5+ Nc6 {with a playable position.} ) 10.Bb2 ( 10.Nxc7+ ) 10...O-O $2 {[%c_effect g8;square;g8;type;Mistake;persistent;true] This is a serious mistake, as the king is subject to a deadly attack.} ( 10...Bxb5 11.Bxb5+ Nbc6 ) 11.Nxc7 Qxc7 12.Bd3 {White prepares the classic \"Greek gift,\" one of the most famous sacrificial tactical themes in chess.} 12...Nf5 ( 12...Nbc6 $2 13.Bxh7+ $1 {[%c_effect h7;square;h7;type;GreatFind;persistent;true] This is a move that you can play on autopilot.} 13...Kxh7 14.Ng5+ Kg6 15.Qd3+ f5 ( 15...Nf5 16.g4 ) 16.Qg3 {with a decisive attack.} ) 13.Qe2 ( 13.Nxd4 {is also good, but the move played is even better since White can disturb the knight with g2-g4.} ) 13...a5 $2 {[%c_effect a5;square;a5;type;Mistake;persistent;true] This makes things even worse.} ( 13...Nc6 {is necessary.} ) 14.b5 {Now the knight on b8 is also out of the game, and White can prepare the attack on the kingside. The typical \"French nightmare.\"} 14...Bc8 15.Nxd4 ( 15.g4 {is even better. Black won't survive for long.} ) 15...Nxd4 16.Bxd4 Nd7 17.Qe3 b6 18.O-O Nc5 {Black, by a miracle, managed not to be checkmated, but the position is still a disaster. White can calmly build up the decisive onslaught on the kingside since there's no counterplay.} 19.h4 ( 19.Rf3 {Bringing the rook to the attack leads to a quicker mate.} ) 19...Bd7 20.h5 Rfc8 ( 20...h6 {This move brings no relief. White will prepare the g4-g5 break and the attack is decisive.} ) 21.h6 g6 22.a4 Qd8 23.Rf2 Qh4 24.g3 Qe7 25.Kg2 {I like how Pranav carefully prepares the advance of the pawns on the kingside without giving his opponent any chance.} 25...Rc7 26.Kh3 Rac8 27.g4 Kh8 28.f5 gxf5 29.gxf5 Rg8 30.Rf3 {Preparing to control the g-file.} 30...Ne4 ( 30...Rcc8 31.Rg1 Rxg1 32.Qxg1 Rg8 33.Rg3 {leads to an easy win.} ) 31.Bxe4 dxe4 32.Rg3 {A famous positional rule states that attacks are even stronger in positions with opposite-colored bishops.} 32...Rxg3+ 33.Qxg3 Qf8 34.Qg5 f6 35.exf6 Qf7 36.Rg1 e5 37.Qg7+ Qxg7 38.hxg7+ Kg8 39.f7+ {It's because of games like this that the French Defense is sometimes hated. But nothing is that simple. Even in this dubious sideline, it's possible to improve Black's play. I guarantee that the fans of this daring defense will remain faithful as always.} 1-0

[Event "Main Event"]
[Site "Chess.com"]
[Date "2023.06.13"]
[Round "1"]
[White "Dardha, Daniel"]
[Black "Lazavik, Denis"]
[Result "0-1"]
[WhiteElo "2619"]
[BlackElo "2553"]
[ECO "D00"]
[EventDate "2023.??.??"]
[Annotator "rafael"]
[PlyCount "78"]
[Beauty "7701144802832"]
[EventType "schev"]
[EventRounds "2"]
[TimeControl "180+1"]

1.d4 Nf6 2.Bg5 d5 3.e3 c5 {This variation is considered one of Black's best options against the Trompowsky.} 4.Bxf6 gxf6 5.dxc5 e6 6.Nf3 Bxc5 7.Be2 O-O ( 7...Nc6 {is played most often, but Lazavik shows an interesting plan in the game.} ) 8.O-O Be7 $5 {[%c_effect e7;square;e7;type;Interesting;persistent;true] A clever move, probably prepared beforehand. The bishop is useful on e7, as it can later be positioned on f6 (with f6-f5 and then Bf6). Meanwhile, Black fights against White's most active plan (c2-c4) by preparing to exchange queens.} ( 8...Nc6 9.c4 dxc4 {This position was featured in a few high-level games.} ) 9.c4 ( 9.Nbd2 {This move was tried in a correspondence game and also later in the match. White's attempts were unsuccessful in both cases.} 9...Nc6 10.Qc1 ( 10.a3 {Dardha played this later, but the result was also not good.} ) 10...b6 11.Rd1 Bb7 {with a good position for Black in Moessle-Corti, email 2020.} ) 9...dxc4 10.Qc2 Qc7 $1 {[%c_effect c7;square;c7;type;GreatFind;persistent;true] This is the idea of not developing the knight on c6 so soon.} 11.Nbd2 ( 11.Bxc4 {After this natural move, Black is able to exchange queens after} 11...b5 $1 {[%c_effect b5;square;b5;type;GreatFind;persistent;true] achieving a good position.} ) 11...Nd7 ( 11...b5 $6 {[%c_effect b5;square;b5;type;Inaccuracy;persistent;true] is bad since Black can't hold the pawn structure after} 12.a4 ) 12.Rac1 $6 {[%c_effect c1;square;c1;type;Inaccuracy;persistent;true] Another case of the \"wrong rook.\" I think it was Capablanca that once gave the right advice whenever you are in doubt about which rook you should move to a given file: \"Decide which rook looks the most natural to you. Then play the other one\".} ( 12.Qxc4 {leads to an equal endgame after} 12...Qxc4 13.Nxc4 ) ( 12.Rfc1 {is better, keeping the rook on a1 in case White needs to play a2-a4.} ) 12...b5 13.a4 a6 14.Nd4 {White regains the pawn after the b2-b3 break, but Black will be better anyway.} 14...Bb7 $1 15.b3 ( 15.axb5 axb5 16.Nxb5 $2 {[%c_effect b5;square;b5;type;Mistake;persistent;true] loses a piece after} 16...Qc6 ) 15...Nc5 $1 16.axb5 axb5 17.bxc4 b4 $1 {[%c_effect b4;square;b4;type;GreatFind;persistent;true] A typical device that has been seen many times in similar structures. The white c-pawn is blocked while the black b-pawn is dangerous.} 18.Rb1 Na4 {The knight wants to reach c3.} 19.Bf3 ( 19.Nb5 {Here and on the next move, White misses the chance to avoid Nc3 by Black.} ) 19...Bxf3 20.N4xf3 $6 ( 20.Nb5 $1 {[%c_effect b5;square;b5;type;GreatFind;persistent;true] is necessary.} ) 20...Nc3 {Now Black has a clear advantage with the monster knight.} 21.Ra1 Rfd8 22.Nd4 f5 $1 {[%c_effect f5;square;f5;type;GreatFind;persistent;true] The right plan. The bishop can go to f6, and Black can break with f5-f4.} 23.Qb3 f4 ( 23...Rxa1 24.Rxa1 e5 $1 25.N4f3 ( 25.Nxf5 Rxd2 ) 25...Bf6 {followed by e5-e4 and White has a miserable position.} ) 24.N2f3 Bc5 25.Kh1 Rxa1 26.Rxa1 Qb7 27.Ra5 {This is not good, but White's position was very bad anyway.} 27...Ne4 ( 27...Ra8 $1 {[%c_effect a8;square;a8;type;GreatFind;persistent;true] wins with machine-like precision:} 28.Rxc5 Ne4 $1 {[%c_effect e4;square;e4;type;GreatFind;persistent;true] The exchange is lost since the rook has no time to move:} 29.Rb5 $2 Ra1+ 30.Ng1 Nxf2# ) 28.Qc2 ( 28.Ra2 {is more stubborn.} ) 28...fxe3 29.fxe3 b3 $1 30.Qb2 ( 30.Nxb3 Rd1+ 31.Qxd1 Nf2+ {wins the queen.} ) 30...Qb4 31.Ra1 Qxc4 $6 ( 31...Bxd4 $1 {[%c_effect d4;square;d4;type;GreatFind;persistent;true] is more accurate:} 32.Nxd4 ( 32.exd4 Qxc4 {with a winning position.} ) 32...Qd2 $1 {[%c_effect d2;square;d2;type;GreatFind;persistent;true] Black wins with some pretty moves.} 33.Qxb3 Nf2+ 34.Kg1 Nd3 $1 {[%c_effect d3;square;d3;type;GreatFind;persistent;true] Threatening the e3-pawn.} 35.Nc2 Nc1 $1 {[%c_effect c1;square;c1;type;GreatFind;persistent;true] Nice geometry. White loses material.} ) 32.Qxb3 Qxb3 33.Nxb3 Bxe3 34.Re1 $6 ( 34.g3 {gives more chances.} ) 34...Rd3 {Let's not forget this is a blitz game, so mistakes are expected when the players are very low on time.} 35.Nc1 $6 ( 35.Rb1 {is better, although White is lost.} ) 35...Nf2+ $6 ( 35...Rd1 $1 {[%c_effect d1;square;d1;type;GreatFind;persistent;true] is the right move order:} 36.Rxd1 Nf2+ 37.Kg1 Nxd1+ {winning just like in the game.} ) 36.Kg1 Rd1 $6 ( 36...Ng4+ ) 37.Rxd1 $2 ( 37.Kf1 $1 {[%c_effect f1;square;f1;type;GreatFind;persistent;true] defends everything. Black has to try to win the endgame a pawn up, but it's unclear whether this is possible.} ) 37...Nxd1+ {Now Lazavik wins a piece, and the game is over.} 38.Kf1 Bxc1 39.Ke2 Nc3+ 0-1

[Event "Main Event"]
[Site "Chess.com"]
[Date "2023.06.15"]
[Round "2"]
[White "Gukesh, D."]
[Black "Pranav, Vijay"]
[Result "1-0"]
[WhiteElo "2736"]
[BlackElo "2608"]
[ECO "A20"]
[EventDate "2023.??.??"]
[Annotator "rafael"]
[PlyCount "69"]
[Beauty "8045417218109"]
[EventType "schev"]
[EventRounds "2"]
[TimeControl "180+1"]

1.c4 {This is clearly the best first move available for White, with due respect to Fischer's 1.e4 \"best by test\" fans. But maybe I'm a little biased.} 1...e5 {Once my friend GM Ivan Morovic told me that against 1.c4 Black's only possible moves are either 1...e5 or 1...c5. I must confess that I never really understood what he meant with that.} 2.g3 Nf6 3.Bg2 c6 ( 3...d5 4.cxd5 Nxd5 5.Nf3 Nc6 6.O-O {leads to a Dragon Sicilian with reversed colors and no attack against the king. I can't think of a better outcome for White in the opening.} ) 4.d4 ( 4.Nf3 {is an important alternative.} ) 4...e4 {The other popular moves are 4...exd4 and 4...Bb4+.} ( 4...exd4 ) ( 4...Bb4+ ) 5.d5 $5 {[%c_effect d5;square;d5;type;Interesting;persistent;true] Preventing Black from playing d7-d5.} ( 5.Nc3 {is also often played.} ) 5...Bb4+ 6.Bd2 Bxd2+ $6 ( 6...Qe7 {is more accurate.} ) 7.Qxd2 O-O 8.Nc3 Re8 9.e3 $6 ( 9.Nh3 $1 {[%c_effect h3;square;h3;type;GreatFind;persistent;true] is a better way to develop the knight. There's a nice tactical justification to it:} 9...d6 10.dxc6 $1 bxc6 11.Ng5 d5 ( 11...Bf5 12.Qf4 $1 {[%c_effect f4;square;f4;type;GreatFind;persistent;true] The e4-pawn is captured.} ) 12.cxd5 cxd5 13.Ngxe4 $1 dxe4 14.Qxd8 Rxd8 15.Nxe4 {White's bishop is too strong.} 15...Nd5 16.Rd1 Nc6 17.Nc3 $1 Nxc3 18.Rxd8+ Nxd8 19.Bxa8 Nxa2 20.Kd2 {with a winning endgame.} ) 9...d6 10.Nge2 c5 $6 ( 10...cxd5 {is more dynamic. Black gets a good position, for instance:} 11.Nxd5 Nxd5 12.Qxd5 Nc6 $1 13.Bxe4 Be6 14.Qd2 Bxc4 15.Bxh7+ Kxh7 16.Qc2+ Kg8 17.Qxc4 d5 {followed by d5-d4, with excellent compensation for the pawn.} ) 11.h3 $1 {[%c_effect h3;square;h3;type;GreatFind;persistent;true] White has a simple plan: g4-Ng3 and take the central pawn.} 11...Nbd7 ( 11...h5 12.g4 $1 {[%c_effect g4;square;g4;type;GreatFind;persistent;true] doesn't help Black, as it's not advisable to open the h-file.} ) 12.Qc2 {Black desperately needs to create some counterplay and it seems that a timely …b7-b5 is the way to do it.} 12...Qe7 ( 12...b5 $1 {[%c_effect b5;square;b5;type;GreatFind;persistent;true] This should have been played straight away.} 13.cxb5 a6 {with a complicated game.} ) 13.g4 $1 h6 14.Ng3 b5 $6 ( 14...Ne5 {is better:} 15.Ncxe4 Nxe4 16.Bxe4 b5 $1 {[%c_effect b5;square;b5;type;GreatFind;persistent;true] Again this is the only chance to complicate matters.} 17.cxb5 a6 {White is better, but anything can happen in a blitz game.} ) 15.cxb5 ( 15.Nf5 $1 {[%c_effect f5;square;f5;type;GreatFind;persistent;true] is immediately decisive. Black loses a bunch of pawns after} 15...Qf8 16.Nxb5 ) 15...a6 16.O-O axb5 ( 16...Ne5 $1 {[%c_effect e5;square;e5;type;GreatFind;persistent;true] is a better chance, protecting the f5-square.} ) 17.Nf5 $1 Qf8 18.Nxb5 Ba6 19.Nbxd6 $2 ( 19.Nfxd6 {is much better. Black has no counterplay for the missing pawns.} ) 19...Reb8 $2 ( 19...Bd3 $1 {[%c_effect d3;square;d3;type;GreatFind;persistent;true] Before doing anything Black should place the bishop on the wonderful square. Of course this a move that is easy to miss in a blitz game.} 20.Qc1 Re5 {Black has good play.} ) 20.Nxe4 ( 20.Nc4 $1 {[%c_effect c4;square;c4;type;GreatFind;persistent;true] is simpler.} ) 20...Nxe4 21.Qxe4 Bxf1 22.Rxf1 Rxa2 23.d6 {The game has clarified a little. White has a pawn for the exchange, considering that the b2-pawn will fall. His pieces are very active and his chances are preferable, but nothing is lost for Black yet.} 23...Rbxb2 ( 23...g6 $1 {[%c_effect g6;square;g6;type;GreatFind;persistent;true] is better. At this point it was difficult to imagine the problems the poor king will face in only a few moves.} 24.Ne7+ Kh7 ) 24.Ne7+ ( 24.g5 $1 {[%c_effect g5;square;g5;type;GreatFind;persistent;true] is more accurate, with the same idea of the game, but such details are impossible with little time on the clock.} ) 24...Kh8 25.Qf5 Nf6 $2 {[%c_effect f6;square;f6;type;Mistake;persistent;true] This natural move loses.} ( 25...Ra7 $1 {[%c_effect a7;square;a7;type;GreatFind;persistent;true] is necessary.} ) 26.g5 $1 hxg5 27.Qxg5 {Suddenly White has a very strong attack on the h-file.} 27...Rd2 {In a blitz game Gukesh managed to find the only winning move in this complicated position. His calculation skills are phenomenal.} 28.Be4 $3 ( 28.Qh4+ {is not good. Black defends after} 28...Nh7 29.Be4 g6 30.Bxg6 Qg7 ) 28...Ng8 {A clever move: the knight wants to go to h6.} 29.Qf5 $1 {[%c_effect f5;square;f5;type;GreatFind;persistent;true] Again the only winning move.} 29...Nf6 ( 29...g6 $2 30.Nxg6+ fxg6 31.Qxf8 ) 30.Qf4 $1 {[%c_effect f4;square;f4;type;GreatFind;persistent;true] Very accurate again.} 30...Nh5 ( 30...Ng8 31.Ng6+ $1 {[%c_effect g6;square;g6;type;GreatFind;persistent;true] This shows why the queen is important on f4.} 31...fxg6 32.Qxf8 ) 31.Qh4 $1 {[%c_effect h4;square;h4;type;GreatFind;persistent;true] The final move of the queen geometry.} ( 31.Ng6+ Kg8 {White has nothing better than repeating moves with 32.Ne7+} ) 31...Rxd6 ( 31...g6 32.Bxg6 $1 Qh6 33.Bxh5 Rxd6 34.Nf5 {with a winning position for White.} ) 32.Qxh5+ Rh6 33.Qxc5 Qd8 34.Nc6 {White has a winning material advantage. The game ends quickly.} 34...Qh4 $2 35.Qf8# 1-0

[Event "Main Event"]
[Site "Chess.com"]
[Date "2023.06.16"]
[Round "2"]
[White "Sadhwani, Raunak"]
[Black "Lazavik, Denis"]
[Result "1-0"]
[WhiteElo "2603"]
[BlackElo "2553"]
[ECO "C00"]
[EventDate "2023.??.??"]
[Annotator "rafael"]
[PlyCount "123"]
[Beauty "6255485657096"]
[EventType "schev"]
[EventRounds "2"]
[TimeControl "180+1"]

1.e4 e5 2.Nf3 Nc6 3.Bb5 Nf6 4.d3 Bc5 5.c3 O-O 6.O-O d5 {A fashionable line against the Anti-Berlin.} 7.Nbd2 ( 7.exd5 {is also possible:} 7...Qxd5 8.Bc4 Qd8 9.b4 Bd6 10.Nbd2 h6 11.Re1 Re8 {as in Gukesh-So, Tata Steel 2023.} ) 7...dxe4 8.dxe4 Qe7 {Ding preferred the immediate 8...a5 in a recent game that he lost against Firouzja.} ( 8...a5 9.Qc2 Qe7 10.a4 Nb8 11.h3 Rd8 12.Be2 Nbd7 13.Re1 {with chances for both sides. Firouzja-Ding, Bucharest 2023.} ) 9.Qc2 ( 9.b4 {is possible:} 9...Bd6 {Black will play a7-a5 in the next move. The position is full of small details and it's necessary to analyze many games to understand who is favored by the different pawn structures.} ) 9...h6 ( 9...a5 ) 10.a4 ( 10.b4 ) 10...a5 11.h3 Rd8 12.Re1 Nb8 ( 12...Be6 {is also possible.} ) 13.Nf1 {All this was played in the recent World Championship match, albeit with a different move order.} 13...c6 14.Bc4 Na6 15.Ng3 Qc7 {Black's plan is Bf8 followed by Nc5.} 16.Nh4 {A new move.} ( 16.Ba2 {This strange retreat was Nepomniachtchi's choice in the game. Although he later gained a very promising initiative, Black has nothing to fear at the moment.} 16...b5 ( 16...Bf8 {is also playable.} ) 17.Qe2 {Nepomniachtchi-Ding, World-ch Astana 2023. Here Ding should have played} 17...Bf8 $1 {[%c_effect f8;square;f8;type;GreatFind;persistent;true] sacrificing a pawn. After} 18.axb5 cxb5 19.Qxb5 Nc5 {Black has excellent compensation.} ) 16...Bf8 17.Qe2 Nc5 18.Qf3 {Both sides realize their natural plans.} 18...Nh7 {White was threatening 19.Bxh6.} 19.Nhf5 ( 19.Ng6 b5 $1 {[%c_effect b5;square;b5;type;GreatFind;persistent;true] leads to a double-edged game.} ) 19...Be6 20.Bxe6 Nxe6 ( 20...fxe6 $5 {[%c_effect e6;square;e6;type;Interesting;persistent;true] is worth considering, despite the doubled pawns.} 21.Ne3 Nd3 22.Rf1 Bc5 {with an active position for Black.} ) 21.Be3 Kh8 22.Qg4 Nf6 ( 22...h5 $5 {[%c_effect h5;square;h5;type;Interesting;persistent;true] The pawn cannot be taken because 23...g6 would follow, winning material.} 23.Qe2 g6 {The knight is pushed back and Black has a good position.} 24.Nh4 Bc5 ) 23.Qh4 $2 {[%c_effect h4;square;h4;type;Mistake;persistent;true] Both sides exchange blunders at this point.} 23...Ng8 $2 ( 23...g5 $1 {[%c_effect g5;square;g5;type;GreatFind;persistent;true] The queen is trapped and White has to give up a piece.} 24.Bxg5 Nxg5 25.Nxh6 Bxh6 26.Qxh6+ Ngh7 {Black will play 27...Rg8 next and white's compensation is insufficient.} ) 24.Rad1 Rxd1 25.Rxd1 Rd8 ( 25...b5 $5 ) 26.Rxd8 Nxd8 {Now we have a balanced endgame on the board.} 27.Qg4 Ne6 28.Qd1 Bc5 $2 {[%c_effect c5;square;c5;type;Mistake;persistent;true] This is a tactical mistake.} ( 28...g6 {It's necessary to remove the intruder first.} 29.Nh4 Bc5 {with equality.} ) 29.Bxc5 Nxc5 30.b4 $1 axb4 31.cxb4 Na6 $2 {[%c_effect a6;square;a6;type;Mistake;persistent;true] Mistakes never come alone, a disillusioned chess player once said.} ( 31...Ne6 32.Qd6 b5 {gives better saving chances, although White has a clear advantage after creating a passed pawn with} 33.a5 ) 32.Qd6 $1 {[%c_effect d6;square;d6;type;GreatFind;persistent;true] Black is in big trouble.} 32...Qxd6 ( 32...f6 33.Qf8 $1 {[%c_effect f8;square;f8;type;GreatFind;persistent;true] Suddenly White gets a winning attack. It's never late to write again, while looking the piece on a6: a knight on the rim is dim.} ) ( 32...g6 33.Qxc7 Nxc7 34.Nd6 Kg7 35.Nxb7 Na6 {The pawn is regained, but the passer on a5 is too dangerous.} 36.Nc5 Nxb4 37.a5 Ne7 38.Kf1 {with excellent winning chances.} ) 33.Nxd6 Nxb4 34.Nxf7+ Kh7 35.Nxe5 {Naturally in a blitz game drawing chances remain, but Sadhwani converts the advantage with good technique.} 35...g6 36.a5 Nf6 37.Nc4 Nd7 38.f4 Kg7 39.Kf2 {Remember to centralize the king in the endgames.} 39...Kf6 40.Ke3 Ke6 41.Ne2 Nc5 42.Nd4+ Ke7 43.h4 $1 {[%c_effect h4;square;h4;type;GreatFind;persistent;true] Time to start pushing the pawns on the kingside.} 43...h5 44.Ne5 ( 44.f5 gxf5 45.Nxf5+ Kf6 46.Ng3 Kg6 47.Kd4 {with an easy win.} ) 44...Kf6 45.g4 hxg4 46.Nxg4+ Kf7 47.Ne5+ Kf6 48.Nc4 Kf7 49.Nf3 Nc2+ 50.Kd2 Nb4 51.Kc3 Nba6 52.Kd4 Kf6 53.Ng5 Nb3+ 54.Kc3 Nbc5 55.Nd6 $6 ( 55.Nb6 {is more accurate.} ) 55...Ke7 $6 ( 55...b6 $1 {[%c_effect b6;square;b6;type;GreatFind;persistent;true] It's usually a good strategy to exchange pawns when you have an inferior endgame.} 56.axb6 Na4+ 57.Kd4 Nxb6 {with drawing chances.} ) 56.e5 Nc7 57.Kc4 N7a6 58.f5 gxf5 59.Nxf5+ Kd7 60.h5 Ne6 61.Nxe6 Kxe6 62.h6 {The h-pawn cannot be stopped.} 1-0